 Dungeon Crawl Stone Soup version 0.30-a0-354-g6b83867211 (webtiles) character file.

Game seed: 2516730662056746497

1335 ryw the Caller (level 8, -1/54 HPs)
             Began as an Octopode Summoner on Nov 8, 2022.
             Was a Believer of Cheibriados.
             Slain by a killer bee (6 damage)
             ... on level 6 of the Dungeon.
             The game lasted 00:19:25 (6576 turns).

ryw the Caller (Octopode Summoner)                  Turns: 6576, Time: 00:19:25

Health: -1/54      AC:  3    Str: 13    XL:     8   Next: 61%
Magic:  7/15       EV: 15    Int: 26    God:    Cheibriados [**....]
Gold:   196        SH:  0    Dex: 18    Spells: 3/16 levels left

rFire   . . .      SeeInvis .    (no weapon)
rCold   . . .      Faith    .    (no shield)
rNeg    . . .      Spirit   .    e - +2 hat
rPois   .          Reflect  .    (no amulet)
rElec   .          Harm     .    (no ring)
rCorr   .          Rampage  .    (no ring)
Will    .....                    (no ring)
Stlth   ++++......               (no ring)
HPRegen 0.29/turn                (no ring)
MPRegen 0.14/turn                (no ring)
                                 (no ring)
                                 (no ring)

@: lethally poisoned (-1 -> -6), very slow
A: almost no armour, amphibious, 8 rings, camouflage 1, gelatinous body 1,
nimble swimmer 1, tentacles
a: Renounce Religion, Bend Time


You were on level 6 of the Dungeon.
You worshipped Cheibriados.
Cheibriados was pleased with you.
You visited 1 branch of the dungeon, and saw 6 of its levels.
You also visited: Sewer.

You collected 196 gold pieces.

Inventory:

Armour
 e - a +2 hat (worn)
Scrolls
 c - a scroll of identify
 l - a scroll of enchant weapon
 m - 2 scrolls of enchant armour
 n - a scroll of poison
Potions
 a - 2 potions of magic
 b - 5 potions of flight
 d - a potion of might
 f - 4 potions of curing
 i - a potion of invisibility
 j - 2 potions of degeneration
 o - 2 potions of attraction
 q - a potion of cancellation {unknown}


   Skills:
 + Level 3.7 Fighting
 + Level 4.3 Dodging
 - Level 2.6 Stealth
 + Level 4.7 Spellcasting
 + Level 3.9 Hexes
 + Level 6.2 Summonings
 + Level 2.7 Air Magic


You had 3 spell levels left.
You knew the following spells:

 Your Spells              Type           Power      Damage    Failure   Level
a - Summon Small Mammal   Summ           100%       N/A       1%          1
b - Call Imp              Summ           38%        N/A       1%          2
c - Call Canine Familiar  Summ           38%        N/A       1%          3
d - Summon Guardian Gole  Hex/Summ       32%        N/A       3%          3
e - Summon Lightning Spi  Summ/Air       29%        N/A       12%         4

Your spell library contained the following spells:

 Spells                   Type           Power      Damage    Failure   Level
 Kindle Blastsparks       Fire/Tloc/Air  20%        2d11      16%         3
 Ignite Poison            Fire/Tmut/Pois 6%         N/A       24%         3
 Freezing Cloud           Conj/Ice/Air   5%         6-21      83%         5


Dungeon Overview and Level Annotations

Branches:
Dungeon (6/15)              Sewer (visited)
 Temple: D:4-7

Altars:
Cheibriados
Dithmenos
Fedhas
Nemelex Xobeh
Qazlal
Uskayaw
Xom
Zin

Shops:
D:1 (   D:4 !


Innate Abilities, Weirdness & Mutations

You cannot wear most types of armour.
You are amphibious.
You can wear up to eight rings at the same time.
Your skin changes colour to match your surroundings (Stealth+).
Your rubbery body absorbs attacks. (AC +1, EV +1)
You are camouflaged when in or above water. (Stealth+)
You have tentacles for arms and can constrict up to eight enemies at once.


Message History

* * * LOW HITPOINT WARNING * * *
You feel sick. The killer bee misses you. The killer bee barely misses you.
Your quokka misses the killer bee.
Your quokka completely misses the killer bee.
The killer bee barely misses your hound.
The killer bee stings you.
* * * LOW HITPOINT WARNING * * *
The killer bee barely misses you.
Your quokka bites the killer bee but does no damage.
Unknown command.
You feel better.
You are engulfed in a cloud of scalding steam.
* * * LOW HITPOINT WARNING * * *
The killer bee barely misses you.
Your quokka closely misses the killer bee.
The killer bee closely misses you. x2; The killer bee barely misses you.
Your hound barely misses the killer bee.
You hear some strange, mumbled words.
A puff of flame appears from out of thin air!
The puff of flame misses you.
Your quokka bites the killer bee.
Your quokka barely misses the killer bee.
Okay, then.
Unknown command.
Okay, then.
Okay, then.
Unknown command.
Casting: Call Canine Familiar (safe; 1% risk of failure)
Confirm with . or Enter, or press ? or * to list all spells.
Okay, then.
Unknown command.
Casting: Call Canine Familiar (safe; 1% risk of failure)
Confirm with . or Enter, or press ? or * to list all spells.
An electric hum fills the air.
The killer bee completely misses you. The killer bee barely misses you.
The killer bee closely misses you.
Your hound closely misses the killer bee.
The killer bee barely misses you. The killer bee stings you.
* * * LOW HITPOINT WARNING * * *
You are lethally poisoned!
The killer bee poisons you! The killer bee stings you.
You die...

#.#########...#
##.).......#..$....
#.≈≈≈≈≈≈≈.##.#####
#≈).≈≈≈).≈# .#
#≈.≈...≈.≈# #
#≈†≈._.≈.≈#
#≈5≈.r.≈.≈#
#≈.{≈yyh.≈#
#.≈≈§@y≈≈.#
##...8r....#
#.#########... #.#
.... #.# .... ##.#
. #..# #.## #<#


You could see 3 killer bees, a friendly lightning spire (summoned), a friendly
hound (summoned), a friendly iron imp (summoned) and 2 friendly quokkas.

Vanquished Creatures
  A water moccasin (D:3)
  A killer bee (D:6)
  An adder (D:3)
  A river rat (Sewer)
  An ufetubus (D:5)
  5 bats
  A giant cockroach (D:2)
  6 hobgoblins
  A kobold (D:4)
  A quokka (D:2)
  2 ball pythons
  2 frilled lizards
  A goblin (D:2)
  3 rats
27 creatures vanquished.

Vanquished Creatures (collateral kills)
  An orc warrior (D:6)
  A centaur (D:5)
  A phantom (D:4)
  A kobold brigand (Sewer)
  A necrophage (D:4)
  3 scorpions (D:5)
  2 jellies (D:5)
  2 hounds
  An orc priest (D:5)
  7 iguanas
  3 orc wizards
  3 adders
  3 gnolls (D:5)
  2 river rats (Sewer)
  2 worms
  A dart slug (D:1)
  14 orcs
  7 endoplasms
  A giant cockroach (D:1)
  6 goblins
  15 jackals
  2 quokkas
  5 ball pythons
  2 bats (D:3)
  8 kobolds
  5 rats
99 creatures vanquished.

Vanquished Creatures (others)
  A hound (D:4)
  An iguana (D:5)
  2 adders (D:4)
  An orc (D:4)
  An endoplasm (D:4)
  A goblin (D:4)
  A jackal (D:4)
  5 kobolds (D:4)
  5 plants (D:3)
18 creatures vanquished.

Grand Total: 144 creatures vanquished

Notes
Turn   | Place    | Note
-------+----------+-------------------------------------------
     0 | D:1      | ryw the Octopode Summoner began the quest for the Orb.
     0 | D:1      | Reached XP level 1. HP: 11/11 MP: 3/3
   151 | D:1      | Reached XP level 2. HP: 16/17 MP: 1/5
   154 | D:1      | Learned a level 2 spell: Call Imp
   292 | D:1      | Found Lainiler's Antique Weapon Emporium.
   930 | D:1      | Reached XP level 3. HP: 21/21 MP: 3/6
  1461 | D:1      | Learned a level 3 spell: Call Canine Familiar
  1464 | D:2      | Found a stormy altar of Qazlal.
  1902 | D:2      | Identified the +1 pair of boots of Divine Compulsion
                  | {rElec}
  2451 | D:3      | Reached XP level 4. HP: 17/27 MP: 1/8
  2528 | D:3      | Learned a level 3 spell: Summon Guardian Golem
  2631 | D:3      | Noticed a water moccasin
  2644 | D:3      | Killed a water moccasin
  2645 | D:3      | Reached skill level 1 in Fighting
  2645 | D:3      | Reached skill level 1 in Hexes
  2645 | D:3      | Reached skill level 5 in Summonings
  2645 | D:3      | Reached XP level 5. HP: 18/33 MP: 7/10
  2752 | D:3      | Found a sparkling altar of Nemelex Xobeh.
  3259 | D:3      | Found a snail-covered altar of Cheibriados.
  3279 | D:3      | Became a worshipper of Cheibriados the Contemplative
  3684 | D:4      | Found a blossoming altar of Fedhas.
  3801 | D:4      | Reached XP level 6. HP: 38/38 MP: 7/11
  3858 | D:4      | Found a shadowy altar of Dithmenos.
  3958 | D:4      | Reached * piety under Cheibriados
  4028 | D:4      | Found a glowing drain.
  4060 | Sewer    | Entered a sewer
  4267 | Sewer    | Found a white marble altar of Elyvilon.
  4423 | D:4      | Reached XP level 7. HP: 45/45 MP: 6/12
  4428 | D:4      | Learned a level 4 spell: Summon Lightning Spire
  4539 | D:4      | Found a shimmering altar of Xom.
  4711 | D:4      | Found Iseutet's Distillery.
  5049 | D:5      | Entered Level 5 of the Dungeon
  5315 | D:5      | Reached skill level 1 in Air Magic
  5410 | D:5      | Reached ** piety under Cheibriados
  5538 | D:5      | Reached XP level 8. HP: 52/52 MP: 8/14
  5906 | D:5      | Found a hide-covered altar of Uskayaw.
  5918 | D:5      | Reached skill level 6 in Summonings
  6478 | D:6      | Found a glowing silver altar of Zin.
  6576 | D:6      | Slain by a killer bee

Illustrated notes

Levels and vault maps discovered:
D:1:      erik_arrival_cave_to_civilisation [erik_arrival_cave_to_hall],
          layout_loops_ring, serial_shops, shop
D:2:      layout_basic, basic_altar
D:3:      wad_lake_hut, layout_basic, mainiacjoe_overflow_alcove_4,
          mainiacjoe_overflow_boulevard
D:4:      layout_layer_cave, nicolae_dithmenos_the_darkroom,
          mainiacjoe_overflow_chevrons, xom_confusion_cloud, serial_shops,
          nicolae_shop_statue_plus, cheibrodos_sewer_entry_bend
D:5:      layout_basic, eat_drink_and_be_merry_uskayaw
D:6:      layout_loops_corners, kennysheep_little_box,
          mainiacjoe_overflow_paths, minmay_temple_entry_fiery,
          grunt_decor_fettered

Skill      XL: |  1  2  3  4  5  6  7  8 |
---------------+-------------------------+-----
Spellcasting   | 3 4 |  4.7
Fighting       | 1 2 3 |  3.7
Hexes          | 1 2 3 |  3.9
Summonings     | 5 6 |  6.2
Dodging        | 3 4 |  4.3
Air Magic      | 1 2 |  2.7
Stealth        | |  2.6

Action                   |  1- 3 |  4- 6 |  7- 9 || total
-------------------------+-------+-------+-------++-------
Melee: Unarmed           |    42 |    51 |     9 ||   102
       Constrict         |    18 |    10 |     4 ||    32
       Tentacles         |    11 |    16 |     3 ||    30
       Punch             |     1 |     1 |       ||     2
 Cast: Summon Small Mamm |    24 |     8 |    12 ||    44
       Call Imp          |    20 |    13 |    17 ||    50
       Call Canine Famil |     8 |    16 |    22 ||    46
       Summon Guardian G |       |       |     7 ||     7
       Summon Lightning  |       |       |     1 ||     1
  Use: Scroll            |     4 |       |     9 ||    13
       Potion            |       |       |     2 ||     2
 Stab: Sleeping          |     3 |     1 |       ||     4
       Distracted        |       |     2 |       ||     2
Armor: Skin              |    22 |     9 |     9 ||    40
Dodge: Dodged            |    47 |    28 |    54 ||   129

Table legend: (Time is in decaauts)
 A = Elapsed time spent in this place.
 B = Non-inter-level travel time spent in this place.
 C = Inter-level travel time spent in this place.
 D = Time resting spent in this place.
 E = Time spent auto-exploring this place.
 F = Levels seen in this place.
 G = Mean time per level.
                   A        B        C        D        E       F      G
               +--------+--------+--------+--------+--------+-----+--------+
         Total |   7271 |   7120 |    151 |    187 |   5631 |   7 | 1038.7 |
       Dungeon |   6958 |   6807 |    151 |    168 |   5407 |   6 | 1159.7 |
         Sewer |    312 |    312 |      0 |     19 |    224 |   1 |  312.0 |
               +--------+--------+--------+--------+--------+-----+--------+

Top non-repeatable levels by time:
     D:5: 1682 daAuts
     D:4: 1522 daAuts
     D:1: 1464 daAuts
     D:3: 1169 daAuts
     D:2: 942 daAuts
   Sewer: 312 daAuts
     D:6: 177 daAuts
